 Dungeon Crawl Stone Soup version 0.31-a0-1388-g4b2ba238e7 (webtiles) character file.

Game seed: 13999568512613646513

70 pokeman the Magician (level 4, -3/25 HPs)
             Began as a Deep Elf Hedge Wizard on Dec 24, 2023.
             Slain by a cerulean imp
             ... wielding a +2 spear
             ... summoned by Natasha
              (5 damage)
             ... on level 3 of the Dungeon.
             The game lasted 00:02:53 (2950 turns).

pokeman the Magician (Deep Elf Hedge Wizard)        Turns: 2950, Time: 00:02:54

Health: -3/25      AC:  2    Str:  7    XL:     4   Next: 4%
Magic:  4/13       EV: 12    Int: 21    God:
Gold:   143        SH:  0    Dex: 14    Spells: 6/14 levels left

rFire   . . .        a - +0 dagger
rCold   . . .        (no shield)
rNeg    . . .        b - +0 robe
rPois   .            c - +0 hat
rElec   .            (no cloak)
rCorr   .            (no gloves)
SInv    .            (no boots)
Will    .....        (no amulet)
Stlth   ++           (no ring)
HPRegen 0.24/turn    (no ring)
MPRegen 0.13/turn

%: no passive effects
@: slowed, very slow
A: no striking features
a: no special abilities


You were on level 3 of the Dungeon.
You visited 1 branch of the dungeon, and saw 3 of its levels.

You collected 143 gold pieces.

Inventory:

Hand Weapons
 a - a +0 dagger (weapon)
Armour
 b - a +0 robe (worn)
 c - a +0 hat (worn)
 n - a +2 buckler
Scrolls
 f - 4 scrolls of identify {unknown}
 g - 2 scrolls of teleportation {unknown}
 j - 2 scrolls of fear {unknown}
 k - a scroll of noise {unknown}
Potions
 d - a potion of magic
 e - 2 potions of haste {unknown}
 h - a potion of cancellation {unknown}
 i - a potion of heal wounds {unknown}
 l - a potion of curing {unknown}
 m - 3 potions of berserk rage {unknown}


   Skills:
 - Level 1.0 Fighting
 - Level 1.0 Armour
 + Level 2.6 Dodging
 + Level 2.5 Stealth
 * Level 5.5 Spellcasting
 + Level 2.0 Conjurations
 - Level 1.1 Summonings
 - Level 1.1 Translocations


You had 6 spell levels left.
You knew the following spells:

 Your Spells              Type           Power      Damage    Failure   Level
a - Magic Dart            Conj           56%        1d5       4%          1
b - Mephitic Cloud        Conj/Alch/Air  8%         N/A       22%         3
c - Call Imp              Summ           20%        N/A       10%         2
d - Blink                 Tloc           20%        N/A       10%         2

Your spell library contained the following spells:

 Spells                   Type           Power      Damage    Failure   Level
 Momentum Strike          Conj/Tloc      24%        3d8       9%          2
 Lesser Beckoning         Tloc           20%        N/A       10%         2
 Slow                     Hex            20%        N/A       11%         1
 Cigotuvi's Dreadful Rot  Necr/Alch/Air  10%        N/A       16%         2


Dungeon Overview and Level Annotations

Branches:
Dungeon (3/15)

Altars:

Annotations:
D:3 Natasha


Message History

The magic dart hits Natasha but does no damage.
Natasha is moderately wounded.
Natasha mumbles some strange words.
Unknown command.
Casting: Magic Dart (safe; 4% risk of failure)
Confirm with . or Enter, or press ? or * to list all spells.
Aiming: Magic Dart (safe; 4% risk of failure)
Press: ? - help, Shift-Dir - straight line, f/p - Natasha
Aim: Natasha (moderately wounded, 100% to hit)
The magic dart hits Natasha but does no damage.
Natasha is moderately wounded.
Unknown command.
Casting: Magic Dart (safe; 4% risk of failure)
Confirm with . or Enter, or press ? or * to list all spells.
Aiming: Mephitic Cloud (extremely dangerous; 22% risk of failure)
Press: ? - help, Shift-Dir - straight line, f/p - Natasha
Aim: Natasha (moderately wounded, chance to affect: 86%)
The ball explodes into a vile cloud!
The stinking cloud engulfs Natasha.
Natasha is moderately wounded.
Natasha is engulfed in noxious fumes.
Natasha appears confused.
The cerulean imp closely misses you.
Unknown command.
You barely miss Natasha.
Natasha is moderately wounded.
Natasha is engulfed in noxious fumes.
Natasha appears confused.
Natasha claws you! The cerulean imp barely misses you.
The cerulean imp hits you from afar with a +2 spear.
Natasha is engulfed in noxious fumes.
Natasha appears confused.
Natasha closely misses you.
You hit Natasha but do no damage.
Natasha is moderately wounded.
The cerulean imp hits you from afar with a +2 spear.
The cerulean imp barely misses you.
Natasha is engulfed in noxious fumes.
The cerulean imp hits you from afar with a +2 spear.
* * * LOW HITPOINT WARNING * * *
Natasha is engulfed in noxious fumes.
Natasha appears confused.
Natasha claws you.
* * * LOW HITPOINT WARNING * * *
The cerulean imp hits you from afar with a +2 spear.
You die...

. ....# .. ....# ... ...
.... ... .....##.## #g.....#
#.# #55##....... #.#
#§h.#....... #.# #@#........
#.# #.##......
#######.###'##....#
..................### ..
########............####...≈
#.....).............≈
####.###...#..####..≈
#####.#....#.........≈
+.....#.##.#.##.##...≈


You could see Natasha (confused) and 2 cerulean imps.

Vanquished Creatures
  3 worms (D:2)
  5 dart slugs
  3 endoplasms
  A giant cockroach (D:3)
  6 goblins
  8 hobgoblins
  5 ball pythons
  4 bats
  2 frilled lizards (D:1)
  7 kobolds
  6 rats
50 creatures vanquished.

Notes
Turn   | Place    | Note
-------+----------+-------------------------------------------
     0 | D:1      | pokeman the Deep Elf Hedge Wizard began the quest for the
                  | Orb.
     0 | D:1      | Reached XP level 1. HP: 10/10 MP: 7/7
   218 | D:1      | Reached XP level 2. HP: 16/16 MP: 3/9
   669 | D:1      | Reached skill level 5 in Spellcasting
   857 | D:1      | Reached XP level 3. HP: 20/20 MP: 5/11
   861 | D:1      | Learned a level 3 spell: Mephitic Cloud
   864 | D:1      | Learned a level 2 spell: Call Imp
   867 | D:1      | Learned a level 2 spell: Blink
  1979 | D:2      | Reached skill level 1 in Fighting
  2146 | D:2      | Reached skill level 1 in Armour
  2838 | D:3      | Reached XP level 4. HP: 25/25 MP: 6/13
  2937 | D:3      | Noticed Natasha
  2950 | D:3      | Slain by a cerulean imp

Illustrated notes

Levels and vault maps discovered:
D:1:      dpeg_arrival_refuge, layout_basic, serial_rivers,
          chequers_serial_rivers_micro_b, chequers_serial_rivers_large_a,
          chequers_serial_rivers_micro_d, chequers_serial_rivers_marsh,
          serial_park_tiny_2, dk_noncrumbling_3, minmay_pentomino_s4
D:2:      layout_basic, corexii_corridor_pit, kennysheep_generic_room_3
D:3:      layout_basic, lemuel_doored_altar, mainiacjoe_overflow_brackets,
          uniq_natasha

Skill      XL: |  1  2  3 |
---------------+----------+-----
Spellcasting   | 5 |  5.5
Fighting       | 1 |  1.0
Armour         | 1 |  1.0
Conjurations   | 2 |  2.0
Dodging        | |  2.6
Stealth        | |  2.5
Summonings     | |  1.1
Translocations | |  1.1

Action                     |  1- 3 |  4- 6 || total
---------------------------+-------+-------++-------
  Melee: Dagger            |    12 |     2 ||    14
         Punch             |     1 |       ||     1
   Cast: Magic Dart        |   139 |    10 ||   149
         Mephitic Cloud    |       |     1 ||     1
 Armour: Robe              |    11 |     7 ||    18
  Dodge: Dodged            |    16 |     4 ||    20

Table legend: (Time is in decaauts)
 A = Elapsed time spent in this place.
 B = Non-inter-level travel time spent in this place.
 C = Inter-level travel time spent in this place.
 D = Time resting spent in this place.
 E = Time spent auto-exploring this place.
 F = Levels seen in this place.
 G = Mean time per level.
                   A        B        C        D        E       F      G
               +--------+--------+--------+--------+--------+-----+--------+
         Total |   2961 |   2928 |     33 |      0 |   2646 |   3 |  987.0 |
       Dungeon |   2961 |   2928 |     33 |      0 |   2646 |   3 |  987.0 |
               +--------+--------+--------+--------+--------+-----+--------+

Top non-repeatable levels by time:
     D:1: 1399 daAuts
     D:2: 1308 daAuts
     D:3: 253 daAuts
